 Dungeon Crawl Stone Soup version 0.27-a0-323-gbd089401bb (webtiles) character file.

Game seed: 6909023369980048625

33 skwiii the Stinger (level 3, -8/19 HPs)
             Began as a Tengu Venom Mage on Feb 11, 2021.
             Mangled by a wyvern zombie (9 damage)
             ... on level 2 of the Dungeon.
             The game lasted 00:07:20 (1644 turns).

skwiii the Stinger (Tengu Venom Mage)               Turns: 1644, Time: 00:07:21

Health: -8/19      AC:  2    Str:  8    XL:     3   Next: 29%
Magic:  6/7        EV: 12    Int: 16    God:
Gold:   101        SH:  0    Dex: 14    Spells: 3/6 levels left

rFire    . . .     SeeInvis .   (no weapon)
rCold    . . .     Faith    .   (no shield)
rNeg     . . .     Spirit   .   a - +0 robe
rPois    .         Reflect  .   (helmet restricted)
rElec    .         Harm     .   (no cloak)
rCorr    .         Rampage  .   (no gloves)
Will     .....                  (boots unavailable)
Stlth    ++........             (no amulet)
HPRegen  0.06/turn              (no ring)
MPRegen  0.10/turn              (no ring)

@: no status effects
A: beak, talons 3
a: no special abilities


You were on level 2 of the Dungeon.
You visited 1 branch of the dungeon, and saw 2 of its levels.

You collected 101 gold pieces.

Inventory:

Hand Weapons
 k - a +0 dagger
 l - a +0 dagger
Armour
 a - a +0 robe (worn)
 d - a +0 robe
Scrolls
 b - a scroll of magic mapping {unknown}
 c - a scroll of identify {unknown}
 e - a scroll of amnesia {unknown}
 f - a scroll of fog
 j - a scroll of enchant armour {unknown}
Potions
 g - a potion of flight {unknown}
 h - a potion of heal wounds {unknown}
 i - a potion of curing {unknown}


   Skills:
 + Level 2.3 Dodging
 - Level 2.0 Stealth
 + Level 2.4 Spellcasting
 + Level 1.2 Transmutations
 + Level 3.5 Poison Magic


You had 3 spell levels left.
You knew the following spells:

 Your Spells              Type           Power        Failure   Level
a - Sting                 Tmut/Pois      36%          8%          1
b - Poisonous Vapours     Pois/Air       14%          14%         2

Your spell library contained the following spells:

 Spells                   Type           Power        Failure   Level
 Ignite Poison            Fire/Tmut/Pois 7%           30%         3
 Mephitic Cloud           Conj/Pois/Air  5%           36%         3
 Olgreb's Toxic Radiance  Pois           13%          41%         4


Dungeon Overview and Level Annotations

Branches:
Dungeon (2/15)

Altars:


Innate Abilities, Weirdness & Mutations

You have a beak for a mouth.
You have claws for feet.


Message History

Press: ? - help, Q - select action, (/) - cycle Shift-Dir - straight line, f - bat
Aim: a bat (48% to evade)
The sting hits the bat.
The bat is poisoned.
The bat is severely wounded.
The bat completely misses you.
Casting: Sting (safe; 8% risk of failure)
Confirm with . or Enter, or press ? or * to list all spells.
Aiming: Poisonous Vapours (safe; 14% risk of failure)
Press: ? - help, Dir - move target, f/p - bat
Aim: a bat (severely wounded, poisoned) Poisonous vapours surround the bat!
You kill the bat!
You see here a +0 club.
You start resting.
Magic restored.
You start resting.
HP restored.
Unknown command.
You see here a +0 dagger.
l - a +0 dagger A wyvern zombie comes into view.
Press: ? - help, v - describe, . - travel The floor.
The wyvern zombie bites you. The wyvern zombie bites you.
The wyvern zombie bites you but does no damage.
Aiming: Sting (safe; 8% risk of failure)
Press: ? - help, Q - select action, (/) - cycle Shift-Dir - straight line, f - wyvern zombie
Aim: a wyvern zombie (11% to evade)
The sting hits the wyvern zombie.
The wyvern zombie partially resists.
The wyvern zombie is lightly damaged.
The wyvern zombie bites you. The wyvern zombie bites you.
There is a stone staircase leading down here.
The wyvern zombie bites you!
* * * LOW HITPOINT WARNING * * *
Unknown command.
Unknown command.
The wyvern zombie bites you!
You die...

##.....####...##... #..##...#
##.......## .....###..#..#
#.........###.##..........# #
#.............###....#†.### .
#.........######..#..#.## #####.
#.........######.##....#####.....
#...........>................#..#
#.........#####Z.........###.....
#.........#...<.@####.##.........
#.........#...#### #.######.....
#.........#..## ##.###........
#.........#).# #......##.>...
##.......#...# #########.....
##.....##..## ###### ###########


You could see a wyvern zombie.

Vanquished Creatures
  An ooze (D:2)
  A dart slug (D:1)
  A leopard gecko (D:1)
  4 bats
  6 goblins
  A hobgoblin (D:1)
  4 kobolds (D:1)
  3 ball pythons
  2 frilled lizards (D:2)
  A rat (D:1)
24 creatures vanquished.

Notes
Turn   | Place    | Note
-------+----------+-------------------------------------------
     0 | D:1      | skwiii the Tengu Venom Mage began the quest for the Orb.
     0 | D:1      | Reached XP level 1. HP: 10/10 MP: 4/4
   404 | D:1      | Reached XP level 2. HP: 13/15 MP: 0/6
   678 | D:1      | Reached skill level 1 in Transmutations
  1395 | D:2      | Reached XP level 3. HP: 19/19 MP: 5/7
  1398 | D:2      | Learned a level 2 spell: Poisonous Vapours
  1644 | D:2      | Mangled by a wyvern zombie

Illustrated notes

Levels and vault maps discovered:
D:1:      co_arrival_square_in_a_square_in_a_square, layout_basic
D:2:      layout_rooms, elyvilon_altar_5, nicolae_overflow_crystal_walls

Skill      XL: |  1  2 |
---------------+-------+-----
Transmutations | 1 |  1.2
Dodging        | |  2.3
Stealth        | |  2.0
Spellcasting   | |  2.4
Poison Magic   | |  3.5

Action                   || total
-------------------------++-------
Melee: Unarmed           ||     5
       Peck              ||     1
       Kick              ||     3
 Cast: Sting             ||    31
       Poisonous Vapours ||     3
  Use: Scroll            ||     1
Armor: Robe              ||     9
Dodge: Dodged            ||    15

Table legend: (Time is in decaauts)
 A = Elapsed time spent in this place.
 B = Non-inter-level travel time spent in this place.
 C = Inter-level travel time spent in this place.
 D = Time resting spent in this place.
 E = Time spent auto-exploring this place.
 F = Levels seen in this place.
 G = Mean time per level.
                   A        B        C        D        E       F      G
               +--------+--------+--------+--------+--------+-----+--------+
         Total |   1643 |   1609 |     34 |    251 |    830 |   2 |  821.5 |
       Dungeon |   1643 |   1609 |     34 |    251 |    830 |   2 |  821.5 |
               +--------+--------+--------+--------+--------+-----+--------+

Top non-repeatable levels by time:
     D:1: 1360 daAuts
     D:2: 283 daAuts
